 Dungeon Crawl Stone Soup version 0.31.0-11-ge490571c62 (webtiles) character file.

Game seed: 15312481074233012230

51002 Bravepunisher the Champion of Chaos (level 14, -1/77 HPs)
             Began as a Spriggan Monk on Jan 28, 2024.
             Was the Champion of Makhleb.
             Killed from afar by an ice dragon (11 damage)
             ... with a blast of cold
             ... on level 5 of the Lair of Beasts.
             The game lasted 01:48:12 (22602 turns).

Bravepunisher the Champion of Chaos (SpMo)         Turns: 22602, Time: 01:48:12

Health: -1/77      AC: 12    Str:  6    XL:     14   Next: 21%
Magic:  28/28      EV: 29    Int: 11    God:    Makhleb [******]
Gold:   1096       SH:  7    Dex: 26    Spells: 13/13 levels left

rFire   . . .        I - +4 whip (venom)
rCold   + . .        d - +0 buckler
rNeg    . . .        l - +0 acid dragon scales
rPois   .            (helmet restricted)
rElec   .            v - +2 cloak {Stlth+}
rCorr   +            (gloves unavailable)
SInv    +            (boots unavailable)
Will    ++...        D - amulet of faith
Stlth   +++          F - +5 ring of evasion
HPRegen 0.32/turn    y - ring of protection from cold
MPRegen 0.21/turn

%: faith
@: very quick
A: very small, no large weapons, unfitting armour, see invisible, speed 3,
antennae 1, iridescent scales 1, agile 1, wild magic 1
a: Renounce Religion, Minor Destruction, Lesser Servant of Makhleb, Major
Destruction, Greater Servant of Makhleb


You were on level 5 of the Lair of Beasts.
You worshipped Makhleb.
Makhleb was exalted by your worship.
You visited 3 branches of the dungeon, and saw 17 of its levels.
You also visited: Sewer.

You collected 1096 gold pieces.

Inventory:

Hand Weapons
 I - a +4 whip of venom (weapon)
Armour
 d - a +0 buckler (worn)
 l - +0 acid dragon scales (worn)
 v - a +2 cloak of stealth (worn)
Jewellery
 y - a ring of protection from cold (right hand)
 z - a ring of protection from fire
 D - an amulet of faith (around neck)
 F - a +5 ring of evasion (left hand)
Wands
 a - a wand of roots (6)
 j - a wand of digging (7)
 q - a wand of polymorph (6)
 t - a wand of flame (14)
 w - a wand of light (7)
 G - a wand of mindburst (7)
Scrolls
 e - 2 scrolls of butterflies
 h - 4 scrolls of identify
 i - 3 scrolls of revelation
 m - 3 scrolls of blinking
 n - a scroll of enchant armour
 p - 8 scrolls of teleportation
 A - a scroll of fog
 J - a scroll of fear
Potions
 c - a potion of ambrosia
 f - 2 potions of enlightenment
 g - 3 potions of haste
 k - 2 potions of cancellation
 o - 4 potions of might
 r - 2 potions of magic
 s - 2 potions of resistance
 u - 2 potions of curing
 x - a potion of brilliance
 B - a potion of invisibility
 E - 2 potions of mutation
Miscellaneous
 H - a phantom mirror
 K - a lightning rod (4/4)


   Skills:
 - Level 10.1 Fighting
 - Level 3.2 Short Blades
 - Level 5.0 Armour
 - Level 10.4 Dodging
 + Level 4.0 Shields
 * Level 19.0 Invocations


You had 13 spell levels left.
You didn't know any spells.
Your spell library contained the following spells:

 Spells                   Type           Power      Damage    Failure   Level
 Freeze                   Ice            0%         1d3       80%         1
 Magic Dart               Conj           0%         1d3       80%         1
 Searing Ray              Conj           0%         2d4       90%         2
 Call Canine Familiar     Summ           0%         N/A       98%         3
 Frozen Ramparts          Ice            0%         1d1       98%         3
 Hailstorm                Conj/Ice       0%         3d5       98%         3
 Ozocubu's Armour         Ice            0%         N/A       98%         3
 Sigil of Binding         Hex            0%         N/A       98%         3
 Dimensional Bullseye     Hex/Tloc       0%         N/A       100%        4
 Fulminant Prism          Conj/Alch      0%         3d5       100%        4
 Leda's Liquefaction      Alch/Erth      0%         N/A       100%        4
 Vhi's Electric Charge    Tloc/Air       0%         N/A       100%        4
 Arcjolt                  Conj/Air       0%         1d10      100%        5
 Lee's Rapid Deconstruct  Erth           0%         3d4*      100%        5
 Metabolic Englaciation   Hex/Ice        0%         N/A       100%        5
 Summon Forest            Summ/Tloc      0%         N/A       100%        5
 Bombard                  Conj/Erth      0%         9d1       100%        6
 Eringya's Noxious Bog    Alch           0%         4d6       100%        6
 Sculpt Simulacrum        Ice/Alch       0%         N/A       100%        6
 Malign Gateway           Summ/Tloc      0%         N/A       100%        7
 Summon Hydra             Summ           0%         N/A       100%        7
 Maxwell's Capacitive Co  Air            0%         ∞         100%        8
 Summon Horrible Things   Summ           0%         N/A       100%        8


Dungeon Overview and Level Annotations

Branches:
Dungeon (11/15)            Temple (1/1) D:4            Lair (5/5) D:8
  Swamp (0/4) Lair:3        Snake (0/4) Lair:2        Slime (0/5) Lair:4
  Sewer (visited)
    Orc: D:9-12

Altars:
Ashenzari
Cheibriados
Elyvilon
Fedhas
Hepliaklqana
Kikubaaqudgha
Makhleb
Nemelex Xobeh
Okawaru
Qazlal
Ru
Sif Muna
Trog
Uskayaw
Vehumet
Wu Jian
Xom
Yredelemnul
Zin
The Shining One
Jiyva

Annotations:
D:3 3 exclusions
D:5 1 exclusion
D:6 Jeremiah
D:8 4 runed translucent doors, Maurice
Temple 2 transporters
Lair:2 exclusion: 2 oklob plants
Lair:4 Hiywul's ghost, journeyman MiHu


Innate Abilities, Weirdness & Mutations

You are very small and have problems with some larger weapons.
You are too small for most types of armour.
You have supernaturally acute eyesight. (SInv)
You cover ground extremely quickly. (Speed+++)
You have a pair of small antennae on your head.
You are partially covered in iridescent scales. (AC +2)
You are agile. (Dex +4, Str/Int -1)
Your spells are a little harder to cast, but a little more powerful.


Message History

Aim: an ice dragon (moderately wounded, catching its breath, covered in acid)
The zap hits the ice dragon!
The ice dragon is moderately wounded.
You hit the ice dragon.
The ice dragon is poisoned.
The ice dragon is moderately wounded.
The ice dragon bites you.
The ice dragon claws you but does no damage.
The ice dragon tramples you but does no damage.
The ice dragon breathes frost at you. The blast of cold hits you!! You resist.
Aiming: Minor Destruction (0% risk of failure)
Press: ? - help, Shift-Dir - straight line, f/p - ice dragon
Aim: an ice dragon (moderately wounded, very poisoned, catching its breath, covered in acid)
The glob of acid hits the ice dragon!
The ice dragon is heavily wounded.
The ice dragon bites you! The ice dragon barely misses you.
The ice dragon completely misses you.
Aiming: Minor Destruction (0% risk of failure)
Press: ? - help, Shift-Dir - straight line, f/p - ice dragon
Aim: an ice dragon (heavily wounded, very poisoned, covered in acid)
The puff of flame hits the ice dragon!!
The ice dragon is burned terribly!
The ice dragon is severely wounded.
The ice dragon completely misses you. The ice dragon misses you.
The ice dragon tramples you.
You hold your ground!
Aiming: Minor Destruction (0% risk of failure)
Press: ? - help, Shift-Dir - straight line, f/p - ice dragon
Aim: an ice dragon (severely wounded, very poisoned, covered in acid)
The ice dragon struggles to resist.
The ice dragon breathes frost at you. The blast of cold hits you! You resist.
* * * LOW HITPOINT WARNING * * *
You feel better. The ice dragon closely misses you. The ice dragon claws you.
* * * LOW HITPOINT WARNING * * *
The ice dragon tramples you!
* * * LOW HITPOINT WARNING * * *
You hold your ground!
A demon appears!
The ice dragon breathes frost at you. The blast of cold hits you! You resist.
You die...

### # # #######
##..#..## ####
#####.##..|.##
#...
#....###?....#
##...
#.######.....#
#....
##3@###....###
#....
##D.#..†###
##... ##$##...##
####..
.##8...####.#...
$$###...##.#...#
.$##.#........##
$$######.......#
$##⌠..##.#......
##.†..##.##....


You could see an ice dragon (very poisoned, catching breath, corroded, ally
target) and a friendly neqoxec (summoned).

Vanquished Creatures
  Erolcha (D:11)
  2 hydras
  5 death yaks
  A skyshark (Lair:5)
  An arcanist (D:11)
  A swamp dragon (Lair:5)
  2 lindwurms (Lair:5)
  2 bog bodies (Lair:3)
  A deep elf pyromancer (D:10)
  The ghost of ces the Skirmisher, a novice SpHu of Gozag (D:8)
  2 ugly things (D:11)
  4 elephants
  3 cyclopes
  4 torpor snails (Lair:5)
  7 cane toads
  A kobold demonologist (D:11)
  10 komodo dragons
  5 rime drakes
  A troll (D:10)
  A polar bear (Lair:4)
  3 tyrant leeches (Lair:5)
  7 hornets (Lair:5)
  12 blink frogs
  A shadow (D:11)
  3 wyverns
  A spriggan (Lair:5)
  Sigmund (D:4)
  A wraith (D:8)
  6 basilisks
  2 steam dragons (D:8)
  49 yaks
  4 nagas (Lair:2)
  3 acid dragons
  14 water moccasins
  Duvessa (D:5)
  3 swamp drakes (Lair:5)
  3 orc warriors
  An ogre (D:5)
  3 black bears
  3 ice beasts
  A sky beast (D:8)
  4 centaurs
  25 wolves
  6 kobold brigands
  17 bullfrogs
  A gnoll sergeant (D:7)
  A wight (D:8)
  Dowan (D:5)
  7 killer bees
  4 electric eels (D:10)
  5 howler monkeys
  A crimson imp (D:11)
  2 hounds (D:6)
  2 jellies (D:6)
  4 orc priests
  2 gnoll boudas
  2 sleepcaps
  Jessica (D:3)
  5 iguanas
  9 orc wizards
  A hound skeleton (D:3)
  Robin (D:3)
  15 gnolls
  10 adders
  3 shadow imps
  4 white imps
  2 ufetubi (D:6)
  A ribbon worm (D:2)
  9 dart slugs
  17 orcs
  11 ball pythons
  4 bats
  5 endoplasms
  9 giant cockroaches
  19 goblins
  14 hobgoblins
  4 quokkas
  5 frilled lizards (Sewer)
  26 kobolds
  A quokka skeleton (D:3)
  5 rats
  A butterfly (Lair:4)
443 creatures vanquished.

Vanquished Creatures (collateral kills)
  A fire dragon (Lair:5)
  A hydra (Lair:5)
  A two-headed ogre (D:11)
  2 death yaks
  2 skysharks (Lair:5)
  Pikel (D:5)
  A black mamba (Lair:1)
  2 torpor snails (Lair:5)
  A cane toad (Lair:5)
  A gargoyle (D:10)
  2 komodo dragons
  Psyche (D:9)
  2 hornets (Lair:5)
  A basilisk (Lair:5)
  A yak (Lair:5)
  2 vampire mosquitoes (D:11)
  Edmund (D:4)
  2 water moccasins
  An orc warrior (D:11)
  2 wolves (Lair:5)
  A bullfrog (Sewer)
  6 killer bees
  A sleepcap (D:5)
  2 gnolls (D:4)
  An adder (Sewer)
  A dart slug (Sewer)
  3 orcs
  A frilled lizard (Sewer)
44 creatures vanquished.

Vanquished Creatures (others)
  An orc wizard (D:9)
1 creature vanquished.

Grand Total: 488 creatures vanquished

Notes
Turn   | Place    | Note
-------+----------+-------------------------------------------
     0 | D:1      | Bravepunisher the Spriggan Monk began the quest for the
                  | Orb.
     0 | D:1      | Reached XP level 1. HP: 11/11 MP: 2/2
   375 | D:4      | Reached XP level 2. HP: 13/16 MP: 3/3
   470 | D:4      | Found a staircase to the Ecumenical Temple.
   470 | D:4      | Noticed Sigmund
   485 | Temple   | Found a transporter.
   485 | Temple   | Found a transporter.
   485 | Temple   | Found a transporter.
   485 | Temple   | Found a transporter.
   485 | Temple   | Entered the Ecumenical Temple
   498 | Temple   | Became a worshipper of Makhleb the Destroyer
   498 | Temple   | Reached * piety under Makhleb
   498 | Temple   | Reached ** piety under Makhleb
   999 | D:1      | Reached skill level 1 in Invocations
  1004 | D:1      | Reached XP level 3. HP: 12/20 MP: 4/4
  2122 | D:2      | Found a faded altar of an unknown god.
  3032 | D:3      | Reached skill level 2 in Invocations
  3032 | D:3      | Reached XP level 4. HP: 16/24 MP: 6/6
  3085 | D:3      | Reached *** piety under Makhleb
  3136 | D:3      | Noticed Jessica
  3202 | D:4      | Noticed Edmund
  3213 | D:4      | Killed Edmund
  3214 | D:4      | Reached skill level 5 in Dodging
  3214 | D:4      | Reached skill level 3 in Invocations
  3214 | D:4      | Reached XP level 5. HP: 10/28 MP: 6/8
  3232 | D:4      | Killed Sigmund
  3233 | D:4      | Reached skill level 4 in Invocations
  3233 | D:4      | Reached XP level 6. HP: 14/33 MP: 7/10
  3722 | D:4      | Found a sparkling altar of Nemelex Xobeh.
  3774 | D:5      | Entered Level 5 of the Dungeon
  3789 | D:5      | Noticed Dowan
  4093 | D:5      | Found a glowing drain.
  4097 | Sewer    | Entered a sewer
  4327 | Sewer    | Reached XP level 7. HP: 33/37 MP: 11/11
  4504 | Sewer    | Reached skill level 5 in Invocations
  4899 | D:5      | Noticed Pikel
  4940 | D:5      | Killed Pikel
  4941 | D:5      | Reached skill level 6 in Invocations
  4941 | D:5      | Reached XP level 8. HP: 18/42 MP: 12/14
  5261 | D:5      | Noticed Duvessa
  5277 | D:5      | Killed Duvessa
  5278 | D:5      | Reached skill level 5 in Fighting
  5375 | D:5      | Killed Dowan
  5376 | D:5      | Reached skill level 7 in Invocations
  5793 | D:3      | Killed Jessica
  5832 | D:3      | Noticed Robin
  5834 | D:3      | Reached **** piety under Makhleb
  5847 | D:3      | Killed Robin
  6291 | D:6      | Noticed a komodo dragon
  6565 | D:6      | Killed a komodo dragon
  6566 | D:6      | Reached skill level 8 in Invocations
  6710 | D:6      | Reached XP level 9. HP: 46/47 MP: 16/16
  6721 | D:6      | Noticed Jeremiah
  7079 | D:6      | Found a sacrificial altar of Ru.
  7606 | D:6      | HP: 2/48 [poisoned by a killer bee]
  7841 | D:7      | Reached skill level 9 in Invocations
  7952 | D:7      | Reached ***** piety under Makhleb
  8015 | D:7      | Found a shimmering blue altar of Sif Muna.
  8021 | D:7      | Found a snail-covered altar of Cheibriados.
  8026 | D:7      | Found an ancient bone altar of Kikubaaqudgha.
  8230 | D:8      | Reached skill level 10 in Dodging
  8292 | D:8      | Noticed ces's ghost (novice SpHu)
  8296 | D:8      | Found a runed translucent door.
  8382 | D:8      | Reached skill level 10 in Invocations
  8451 | D:8      | Reached XP level 10. HP: 53/53 MP: 18/18
  8539 | D:8      | Noticed Maurice
  8646 | D:8      | Found a large runed translucent door.
  8647 | D:8      | Found a large runed translucent door.
  8648 | D:8      | Noticed a centaur warrior
  8674 | D:8      | Noticed a cyclops
  8984 | D:9      | Noticed Psyche
  8988 | D:9      | Killed Psyche
  8989 | D:9      | Reached skill level 1 in Armour
  9298 | D:9      | Found an ornate altar of the Wu Jian Council.
  9499 | D:9      | Found a white marble altar of Elyvilon.
  9624 | D:10     | Entered Level 10 of the Dungeon
  9687 | D:10     | Found a glowing golden altar of the Shining One.
  9997 | D:10     | Reached skill level 11 in Invocations
 10904 | D:10     | Noticed a deep elf pyromancer
 10917 | D:10     | Killed a deep elf pyromancer
 10927 | D:10     | Noticed a gargoyle
 10957 | D:10     | Killed a gargoyle
 11360 | D:11     | Noticed a cyclops
 11366 | D:11     | Reached XP level 11. HP: 59/59 MP: 20/20
 11377 | D:11     | Reached skill level 12 in Invocations
 11477 | D:11     | Noticed a cyan ugly thing
 11479 | D:11     | Noticed a white ugly thing
 11521 | D:11     | Killed a cyan ugly thing
 11551 | D:11     | Killed a white ugly thing
 11642 | D:11     | Noticed an arcanist
 11653 | D:11     | Killed an arcanist
 11773 | D:11     | Reached ****** piety under Makhleb
 11907 | D:11     | Noticed a two-headed ogre
 11917 | D:11     | Killed a two-headed ogre
 12147 | D:11     | Reached skill level 13 in Invocations
 12378 | D:11     | Noticed Erolcha
 12544 | D:11     | Killed Erolcha
 12893 | D:8      | Found a large runed translucent door.
 12893 | D:8      | Found a large runed translucent door.
 13037 | D:8      | Found a staircase to the Lair.
 13164 | D:8      | Noticed an eight-headed hydra
 13209 | D:8      | Killed an eight-headed hydra
 13329 | D:8      | Found a stormy altar of Qazlal.
 13497 | D:8      | Killed ces's ghost
 13597 | Lair:1   | Entered Level 1 of the Lair of Beasts
 13605 | Lair:1   | Reached XP level 12. HP: 64/65 MP: 23/23
 13706 | Lair:1   | Reached skill level 5 in Armour
 13963 | Lair:1   | Reached skill level 14 in Invocations
 14588 | Lair:1   | Identified the +0 spear "Cappoujo" {venom, *Corrode rElec
                  | rC+ MP+9}
 15231 | Lair:2   | Found a blossoming altar of Fedhas.
 15584 | Lair:2   | Found a staircase to the Snake Pit.
 15871 | Lair:2   | Reached skill level 15 in Invocations
 16791 | Lair:3   | Found a staircase to the Swamp.
 16796 | Lair:3   | Reached skill level 10 in Fighting
 16974 | Lair:3   | Gained mutation: Your spells are a little harder to cast,
                  | but a little more powerful. [potion of mutation]
 16974 | Lair:3   | Gained mutation: You have a pair of small antennae on your
                  | head. [potion of mutation]
 16974 | Lair:3   | Gained mutation: You are partially covered in iridescent
                  | scales. (AC +2) [potion of mutation]
 16974 | Lair:3   | Gained mutation: You are agile. (Dex +4, Str/Int -1)
                  | [potion of mutation]
 17203 | Lair:3   | Reached skill level 16 in Invocations
 17203 | Lair:3   | Reached XP level 13. HP: 65/72 MP: 24/26
 18176 | Lair:3   | Reached skill level 17 in Invocations
 19368 | Lair:4   | Found a large runed translucent door.
 19368 | Lair:4   | Found a large runed translucent door.
 19371 | Lair:4   | Noticed Hiywul's ghost (journeyman MiHu)
 19575 | Lair:4   | Found a viscous altar of Jiyva.
 19576 | Lair:4   | Found a staircase to the Slime Pits.
 20155 | Lair:5   | Entered Level 5 of the Lair of Beasts
 20166 | Lair:5   | Reached skill level 1 in Shields
 20324 | Lair:5   | Reached skill level 18 in Invocations
 21158 | Lair:5   | Noticed a fire dragon
 21172 | Lair:5   | Killed a fire dragon
 21335 | Lair:5   | Reached XP level 14. HP: 22/77 MP: 28/28
 22203 | Lair:5   | Paralysed by a hornet for 3 turns
 22377 | Lair:5   | Reached skill level 19 in Invocations
 22602 | Lair:5   | Killed from afar by an ice dragon

Illustrated notes

Levels and vault maps discovered:
D:1:      dpeg_arrival_central, layout_basic
D:2:      layout_basic, dilly_ecumenical_altar_fadedgnrine, minmay_hedge_maze
D:3:      layout_basic, serial_undead, serial_undead_a, serial_undead_d,
          serial_undead_e, serial_undead_f, nicolae_kite_square_tiling_tiny,
          uniq_jessica, uniq_robin
D:4:      wander_river, layout_rooms, nemelex_diamond_rough_becter,
          minmay_temple_entry_wispy, uniq_sigmund, uniq_edmund
D:5:      layout_cave_pods, gup_sewer_entry_bowl, uniq_duvessa, uniq_pikel
D:6:      layout_gridville, general_overflow_altar,
          hangedman_abyss_or_decor_stagger, minmay_diced_spiral, uniq_jeremiah
D:7:      layout_basic, mainiacjoe_overflow_concentric_impassable,
          minmay_overflow_temple_star_quad, mainiacjoe_overflow_alcove_4
D:8:      layout_cave_pools, nicolae_qazlal_eye_of_the_storm, lair_entry_dummy,
          hellmonk_ghost_happy_afterlife, minivault_25,
          minmay_hollow_rounded_squares, uniq_maurice
D:9:      nicolae_cairo_tiling_large, layout_basic,
          lemuel_coloured_pillars_altar, old_standard_altar,
          minmay_stone_trees_medium, uniq_psyche
D:10:     layout_basic, tso_metal_star
D:11:     layout_basic, lightli_wizard_tower, uniq_erolcha
Temple:   hellmonk_temple_divided_pantheon
Lair:1:   layout_cellular_growth, beast_lair_carwin_6
Lair:2:   layout_cave_pods, minmay_snake_entry_guardpost_small,
          hangedman_tree_tricks, grunt_megastairs_1
Lair:3:   layout_cave_pods, skrybe_swamp_entry_bodies, grunt_megastairs_5
Lair:4:   layout_misc_corridors, dpeg_slime_entry_corner,
          ebering_ghost_disaster_area, lemuel_fruit_fields,
          infiniplex_staircase_pool
Lair:5:   guppyfry_lair_end_dragon, layout_hall_layers, wormcave, wad_woods_03

Skill      XL: |  1  2  3  4  5  6  7  8  9 10 11 12 13 14 |
---------------+-------------------------------------------+-----
Fighting       | 3 4 5 6 7 8 10 | 10.1
Invocations    | 1 2 3 4 6 8 10 11 13 16 18 19 | 19.0
Dodging        | 5 6 7 8 10 | 10.4
Armour         | 3 4 5 |  5.0
Shields        | 3 4 |  4.0
Short Blades   | |  3.2

Action                     |  1- 3 |  4- 6 |  7- 9 | 10-12 | 13-15 || total
---------------------------+-------+-------+-------+-------+-------++-------
  Melee: Short sword       |    82 |     3 |       |       |       ||    85
         Dagger            |       |     2 |       |       |       ||     2
         Flail             |       |     6 |   133 |    45 |       ||   184
         Punch             |       |       |     3 |     7 |     3 ||    13
         Whip              |       |       |       |   319 |   291 ||   610
  Throw: Throwing net      |       |       |     1 |     2 |       ||     3
 Invoke: Minor Destruction |    70 |    76 |   212 |   609 |   473 ||  1440
         Lesser Servant of |       |     1 |     4 |     6 |    11 ||    22
         Major Destruction |       |       |       |       |     1 ||     1
  Evoke: Wand              |       |       |    10 |    11 |     5 ||    26
    Use: Potion            |       |       |     1 |     2 |     6 ||     9
         Scroll            |       |       |       |    21 |     7 ||    28
   Stab: Sleeping          |     2 |       |       |       |     1 ||     3
         Paralysed         |       |       |       |    23 |       ||    23
         Distracted        |       |       |       |     3 |     4 ||     7
         Invisible         |       |       |       |     2 |       ||     2
 Armour: Robe              |    18 |    16 |    73 |     4 |       ||   111
         Acid dragon scale |       |       |       |   146 |   193 ||   339
         Steam dragon scal |       |       |       |    10 |       ||    10
  Dodge: Dodged            |    60 |    36 |   304 |   675 |   702 ||  1777
  Block: Buckler           |       |       |       |       |   118 ||   118
